 Dungeon Crawl Stone Soup version 0.22-a0-469-gf26638a (webtiles) character file.

705 tilp the Chiller (level 7, 0/54 HPs)
             Began as a Merfolk Ice Elementalist on June 11, 2018.
             Slain by Duvessa
             ... wielding a +0 short sword
              (13 damage)
             ... on level 5 of the Dungeon.
             The game lasted 00:18:19 (6079 turns).

tilp the Chiller (Merfolk Ice Elementalist)         Turns: 6079, Time: 00:18:20

Health: 0/54       AC:  9    Str:  9    XL:     7   Next: 67%
Magic:  0/10       EV: 15    Int: 16    God:
Gold:   220        SH:  0    Dex: 14    Spells: 4/10 levels left

rFire    . . .     SeeInvis .   s - +0 dagger (venom)
rCold    . . .     Gourm    .   (no shield)
rNeg     . . .     Faith    .   a - +0 robe
rPois    .         Spirit   .   f - +0 helmet
rElec    .         Reflect  .   (no cloak)
rCorr    .         Harm     .   (no gloves)
MR       .....                  (no boots)
Stlth    ++........             (no amulet)
HPRegen  0.18/turn              (no ring)
MPRegen  0.12/turn              (no ring)

@: icy armour
A: change form in water, swift swim, stealthy swim
a: no special abilities


You were on level 5 of the Dungeon.
You were not hungry.

You visited 1 branch of the dungeon, and saw 5 of its levels.

You collected 220 gold pieces.

Inventory:

Hand Weapons
 l - a +0 spear
 p - a +0 hunting sling
 s - a +0 dagger of venom (weapon)
 x - a +2 war axe of electrocution
 B - a +0 trident
Missiles
 b - 3 javelins
 F - 6 tomahawks
 G - 7 javelins of returning (quivered)
Armour
 a - a +0 robe (worn)
 f - a +0 helmet (worn)
 k - a +0 hat
Jewellery
 A - an uncursed amulet of rage
Scrolls
 h - 2 scrolls of remove curse {unknown}
 i - a scroll of random uselessness {unknown}
 j - 2 scrolls of teleportation {unknown}
 m - a scroll of fear {unknown}
 o - a scroll of magic mapping {unknown}
 q - a scroll of amnesia
 t - a scroll of fog {unknown}
 v - a scroll of blinking {unknown}
 y - a scroll of enchant armour {unknown}
 C - a scroll of enchant weapon {unknown}
 E - a scroll of immolation {unknown}
Potions
 d - 2 potions of heal wounds
 e - a potion of agility
 g - a potion of invisibility
 n - a potion of mutation {unknown}
 r - 3 potions of haste
 u - a potion of flight {unknown}
 w - a potion of ambrosia {unknown}
 z - a potion of might {unknown}
 D - a potion of lignification {unknown}
Comestibles
 c - 7 rations


   Skills:
 - Level 4.0 Fighting
 + Level 0.5 Polearms
 - Level 6.1 Dodging
 - Level 2.1 Stealth
 - Level 2.0 Spellcasting
 - Level 0.7 Conjurations
 + Level 0.3 Charms
 - Level 7.0 Ice Magic


You had 4 spell levels left.
You knew the following spells:

 Your Spells              Type           Power        Failure   Level  Hunger
a - Freeze                Ice            ###.         1%          1    #......
b - Throw Frost           Conj/Ice       ##....       6%          2    ###....
c - Ozocubu's Armour      Chrm/Ice       ##......     14%         3    ###....

Your spell library contained the following spells:

 Spells                   Type           Power        Failure   Level  Hunger
 Summon Ice Beast         Ice/Summ       ##......     43%         4    #####..
 Throw Icicle             Conj/Ice       ##......     38%         4    #####..


Dungeon Overview and Level Annotations

Branches:
Dungeon (5/15)
 Temple: D:4-7

Altars:
Ashenzari
Kikubaaqudgha

Annotations:
D:4 exclusion: ogre, Eustachio; Menkaure; Veiltonx's ghost, novice MiFi
D:5 Duvessa


Message History

Duvessa is almost dead.
Duvessa closely misses you. Duvessa hits you with a short sword!
Casting: Freeze (safe; 1% risk of failure)
Confirm with . or Enter, or press ? or * to list all spells.
Aiming: Freeze (safe; 1% risk of failure)
Press: ? - help, Shift-Dir - straight line, f/p - Duvessa
Aim: Duvessa, wielding a short sword and wearing a ring mail (almost dead, berserk, fast, unusually strong)
You freeze Duvessa.
Duvessa is almost dead.
Duvessa hits you with a short sword!
* * * LOW HITPOINT WARNING * * *
Casting: Freeze (safe; 1% risk of failure)
Confirm with . or Enter, or press ? or * to list all spells.
Aiming: Freeze (safe; 1% risk of failure)
Press: ? - help, Shift-Dir - straight line, f/p - Duvessa
Aim: Duvessa, wielding a short sword and wearing a ring mail (almost dead, berserk, fast, unusually strong)
You freeze Duvessa.
Duvessa is almost dead.
Duvessa barely misses you. Duvessa hits you with a short sword!
You die...

...# #...# ...# #...# ###
...### ..## #...######..
...... ..#
######..........##....#.
#.###......<........#.......
#...........................
#####...................(.#
..# ######...#####........#.
#.# #......@eZ......... #.#
#...#######.....##. #.#
#...# ##....... #.# #...#
#.##### ..# ##)## .# ### #.#
##### .. ##### #.###...# ##
#...#######.......#
......(..##..##...#


You could see Duvessa (berserk) and an adder skeleton.

Vanquished Creatures
  A sky beast (D:5)
  A centaur (D:4)
  An ogre (D:5)
  Dowan (D:5)
  An orc priest (D:5)
  2 orc wizards (D:4)
  An iguana (D:5)
  4 worker ants
  A killer bee zombie (D:5)
  2 hound skeletons (D:5)
  5 adders
  An ooze (D:2)
  An adder skeleton (D:5)
  2 dart slugs
  4 worms
  4 leopard geckos
  3 orcs
  2 ball pythons
  3 giant cockroaches
  7 goblins
  9 hobgoblins
  5 jackals
  4 kobolds
  6 quokkas
  12 bats
  3 frilled lizards
  7 rats
93 creatures vanquished.

Notes
Turn   | Place    | Note
-------+----------+-------------------------------------------
     0 | D:1      | tilp the Merfolk Ice Elementalist began the quest for the Orb.
     0 | D:1      | Reached XP level 1. HP: 13/13 MP: 3/3
   295 | D:1      | Reached XP level 2. HP: 15/19 MP: 3/5
   307 | D:1      | Reached skill level 4 in Ice Magic
   888 | D:1      | Reached XP level 3. HP: 24/24 MP: 3/6
   895 | D:1      | Learned a level 2 spell: Throw Frost
   899 | D:1      | Learned a level 3 spell: Ozocubu's Armour
  1438 | D:2      | Reached skill level 5 in Ice Magic
  1608 | D:2      | Reached XP level 4. HP: 17/30 MP: 3/7
  2600 | D:3      | Reached skill level 6 in Ice Magic
  2600 | D:3      | Reached XP level 5. HP: 17/35 MP: 2/8
  3023 | D:3      | Found a shattered altar of Ashenzari.
  3783 | D:4      | Noticed Eustachio
  3932 | D:4      | Noticed Menkaure
  4070 | D:4      | Found an ancient bone altar of Kikubaaqudgha.
  4071 | D:4      | Noticed an ogre
  4229 | D:5      | Entered Level 5 of the Dungeon
  4237 | D:5      | Reached skill level 7 in Ice Magic
  4238 | D:5      | Noticed a centaur
  4255 | D:4      | Killed a centaur
  4255 | D:4      | Reached XP level 6. HP: 26/46 MP: 1/9
  4828 | D:4      | Noticed Veiltonx's ghost (novice MiFi)
  5286 | D:5      | Reached XP level 7. HP: 41/54 MP: 10/10
  5452 | D:5      | Noticed Dowan
  5453 | D:5      | Noticed Duvessa
  5500 | D:5      | Killed Dowan
  5675 | D:5      | Reached skill level 5 in Dodging
  6079 | D:5      | Slain by Duvessa

Vault maps used:
D:1:      ncdulo_smallfort
D:2:      kennysheep_six_static_rooms
D:3:      lemuel_doored_altar, first_ration
D:4:      old_standard_altar, uniq_eustachio, uniq_menkaure
D:5:      uniq_duvessa

Skill      XL: |  1  2  3  4  5  6  7 |
---------------+----------------------+-----
Ice Magic      | 4 5 6 7 |  7.0
Fighting       | 2 4 |  4.0
Dodging        | 4 6 |  6.1
Polearms       | |  0.5
Stealth        | |  2.1
Spellcasting   | |  2.0
Conjurations   | |  0.7
Charms         | |  0.3

Action                   |  1- 3 |  4- 6 |  7- 9 || total
-------------------------+-------+-------+-------++-------
Melee: Dagger            |    25 |   118 |    34 ||   177
Throw: Stone             |     2 |     4 |       ||     6
       Javelin           |       |     1 |       ||     1
 Cast: Freeze            |    50 |    45 |    20 ||   115
       Ozocubu's Armour  |     1 |    16 |     5 ||    22
       Throw Frost       |       |     7 |     2 ||     9
  Use: Scroll            |       |     5 |     2 ||     7
       Potion            |       |     1 |       ||     1
 Stab: Sleeping          |     4 |     7 |     1 ||    12
  Eat: Chunk             |     3 |    15 |     1 ||    19
       Ration            |       |       |     1 ||     1
Armor: Robe              |    11 |    34 |    11 ||    56
Dodge: Dodged            |    44 |   113 |    37 ||   194

Table legend:
 A = Spawn XP
 B = Non-spawn XP
 C = Spawn XP percentage of total XP
 D = Spawn monster count
 E = Non-spawn monster count
 F = Spawn count percentage of total count
 G = Total turns spent on level
                    A         B        C        D         E        F      G
               +---------+---------+-------+---------+---------+-------+---------
         Total |       0 |    1008 |   0.0 |       0 |      93 |   0.0 |  6079
               +---------+---------+-------+---------+---------+-------+---------
           D:1 |       0 |      36 |   0.0 |       0 |      19 |   0.0 |   978
           D:2 |       0 |      83 |   0.0 |       0 |      26 |   0.0 |  1266
           D:3 |       0 |      81 |   0.0 |       0 |      23 |   0.0 |  1048
           D:4 |       0 |     262 |   0.0 |       0 |      11 |   0.0 |  1667
           D:5 |       0 |     546 |   0.0 |       0 |      14 |   0.0 |  1120
               +---------+---------+-------+---------+---------+-------+---------
